 Dungeon Crawl Stone Soup version 0.29.0-11-gd7f09526c8 (webtiles) character file.

Game seed: 12596296077254198603

63 greasedhog the Sneak (level 3, -6/28 HPs)
             Began as a Vampire Abyssal Knight on Sept 2, 2022.
             Was a Priest of Lugonu.
             Mangled by Natasha (8 damage)
             ... on level 2 of the Dungeon.
             The game lasted 00:02:04 (1136 turns).

greasedhog the Sneak (Vampire Abyssal Knight)       Turns: 1136, Time: 00:02:05

Health: -6/28      AC:  3    Str: 12    XL:     3   Next: 89%
Magic:  4/4        EV: 12    Int: 12    God:    Lugonu [***...]
Gold:   42         SH:  0    Dex: 16    Spells: 2/2 levels left

rFire   . . .      SeeInvis +   a - +1 short sword
rCold   . . .      Faith    .   (no shield)
rNeg    . . .      Spirit   .   b - +0 leather armour
rPois   .          Reflect  .   (no helmet)
rElec   .          Harm     .   (no cloak)
rCorr   .          Rampage  .   (no gloves)
Will    .....                   (no boots)
Stlth   ++........              (no amulet)
HPRegen 0.29/turn               (no ring)
MPRegen 0.09/turn               (no ring)

@: brilliant, healing quickly, slowed, very slow
A: alive, fangs 3, see invisible, vampiric 2
a: Exsanguinate, Renounce Religion, Depart the Abyss, Bend Space, Banish


You were on level 2 of the Dungeon.
You worshipped Lugonu.
Lugonu was most pleased with you.
You visited 1 branch of the dungeon, and saw 2 of its levels.
You visited the Abyss 1 time.

You collected 42 gold pieces.

Inventory:

Hand Weapons
 a - a +1 short sword (weapon)
Armour
 b - a +0 leather armour (worn)
Scrolls
 c - a scroll of teleportation
 e - 3 scrolls of identify
 f - a scroll of vulnerability
Potions
 g - a potion of ambrosia


   Skills:
 - Level 2.6 Fighting
 * Level 3.6 Short Blades
 - Level 0.7 Armour
 - Level 2.1 Dodging
 * Level 4.0 Stealth
 - Level 1.5 Invocations


You had 2 spell levels left.
You didn't know any spells.
Your spell library was empty.

Dungeon Overview and Level Annotations

Branches:
Dungeon (2/15)

Altars:

Annotations:
D:2 Natasha


Innate Abilities, Weirdness & Mutations

Your natural rate of healing is accelerated.
You have razor-sharp teeth.
You have supernaturally acute eyesight. (SInv)
You are afflicted with vampirism and can become a bat while bloodless.


Message History

You bump into the rock wall.
Natasha claws you.
You bump into the rock wall.
You feel less invigorated.
You feel less confused. Natasha closely misses you.
You hit Natasha.
Natasha is moderately wounded.
Natasha stares at you and mumbles some strange words.
You feel yourself slow down.
You miss Natasha.
Natasha is moderately wounded.
Natasha casts a spell.
Natasha claws you.
You miss Natasha.
Natasha is moderately wounded.
Natasha claws you.
* * * LOW HITPOINT WARNING * * *
You hit Natasha but do no damage.
Natasha is moderately wounded.
The crimson imp blinks!
Natasha casts a spell at you. The magic dart hits you.
* * * LOW HITPOINT WARNING * * *
You closely miss Natasha.
Natasha is moderately wounded.
Natasha mumbles some strange words.
Natasha claws you.
* * * LOW HITPOINT WARNING * * *
You hit Natasha. You bite Natasha.
Natasha is severely wounded.
Natasha wildly gestures.
Natasha's front paws start to glow.
Natasha claws you but does no damage.
You hit Natasha.
Natasha is almost dead.
Natasha casts a spell at you.
You feel as though you will be slow longer.
You hit Natasha.
Natasha is almost dead.
Natasha barely misses you. Natasha claws you!
You die...

#.#.....#
#.#.#.#
#.[.#.# #
#..##.#
#.#..##.# ##
#.......#
)...###.####
####.###.#
#...5h@..#
...##5#####
#


You could see Natasha, a crimson imp (summoned) and a white imp (summoned).

Vanquished Creatures
  Robin (D:2)
  A worm (D:2)
  A dart slug (D:2)
  A ball python (D:1)
  3 endoplasms
  4 giant cockroaches
  6 hobgoblins
  4 jackals (D:1)
  A quokka (D:2)
  2 bats (D:2)
  2 frilled lizards
  11 goblins
  3 kobolds
40 creatures vanquished.

Notes
Turn   | Place    | Note
-------+----------+-------------------------------------------
     0 | Abyss:1  | greasedhog the Vampire Abyssal Knight began the quest for
                  | the Orb.
     0 | Abyss:1  | Reached XP level 1. HP: 17/17 MP: 2/2
     1 | D:1      | Escaped the Abyss
    54 | D:1      | Reached skill level 1 in Stealth
   127 | D:1      | Found a faded altar of an unknown god.
   137 | D:1      | Reached XP level 2. HP: 18/23 MP: 3/3
   149 | D:1      | Reached skill level 2 in Stealth
   579 | D:2      | Noticed Robin
   661 | D:2      | Reached *** piety under Lugonu
   712 | D:2      | Reached skill level 3 in Stealth
   712 | D:2      | Gained mutation: You are afflicted with vampirism and can
                  | become a bat while bloodless. [Vampire growth]
   712 | D:2      | Reached XP level 3. HP: 25/28 MP: 4/4
   988 | D:2      | Killed Robin
  1080 | D:2      | Reached skill level 4 in Stealth
  1093 | D:2      | Identified the +6 dagger "Vuefuf" {vorpal, rN+ rCorr Str-4}
  1114 | D:2      | Noticed Natasha
  1133 | D:2      | HP: 1/28 [Natasha (3)]
  1136 | D:2      | Mangled by Natasha

Illustrated notes

Levels and vault maps discovered:
D:1:      lightli_arrival_windingriver, layout_rooms, serial_glass,
          glass_columns_a, glass_columns_a, glass_columns_b, glass_columns_c,
          glass_columns_c, glass_columns_a, glass_columns_a, glass_columns_c,
          glass_columns_a, glass_columns_b, due_unseen_surprise,
          basic_ecumenical_altar
D:2:      layout_loops_cross, uniq_natasha, uniq_robin

Skill      XL: |  1  2  3 |
---------------+----------+-----
Stealth        | 1 3 4 |  4.0
Short Blades   | 3 |  3.6
Fighting       | |  2.6
Armour         | |  0.7
Dodging        | |  2.1
Invocations    | |  1.5

Action                   || total
-------------------------++-------
Melee: Short sword       ||   141
       Bite              ||    13
  Use: Scroll            ||     3
       Potion            ||     3
 Stab: Sleeping          ||     2
Armor: Leather armour    ||    32
Dodge: Dodged            ||   101
